Map: Acropolis LE

Players

TurkeyDano

  • Race: Protoss Protoss
  • Spawn Location: 5:00

SKillous - Winner!

  • Race: Protoss Protoss
  • Spawn Location: 11:00

VOD

Have the link to the VOD?

Description

Time

  • Played on: Sept. 6, 2019, 1:37 p.m.
  • Length: 4:27
Show
View Real Time Build Order
Export as new Build Order

TurkeyDano Protoss 

Build Orders:  

Get SALT Encoding   

  1  0:00  Probe  
  12  0:04  Probe  
  14  0:17  Pylon  
  14  0:21  Probe  
  15  0:35  Probe  
  16  0:36  Forge  
  16  0:59  Pylon  
  16  1:06  Pylon  
  16  1:07  Pylon  
  16  1:08  Pylon  
  16  1:19  Pylon  
  16  1:24  Photon Cannon  
  16  1:31  Pylon  
  15  1:50  Pylon  
  15  2:04  Gateway  
  15  2:06  Gateway  
  14  2:15  Probe  
  15  2:20  Photon Cannon  
  15  2:23  Pylon  
  15  2:27  Pylon  
  15  2:35  Pylon  
  15  2:38  Probe  
  16  2:45  Zealot x2  
  20  3:01  Photon Cannon  
  20  3:18  Pylon  
  20  3:27  Photon Cannon, Zealot  
  20  3:28  Photon Cannon  
  20  3:32  Probe  
  19  3:34  Zealot  
  21  3:52  Probe  
  21  3:54  Assimilator  
  21  3:55  Assimilator  
  24  4:08  Cybernetics Core  
  22  4:14  Probe  
Show
View Real Time Build Order
Export as new Build Order

SKillous Protoss - Winner!

Build Orders:  

Get SALT Encoding   

  12  0:00  Probe  
  13  0:12  Probe  
  14  0:17  Pylon  
  14  0:24  Probe  
  15  0:33  Probe  
  15  0:35  Gateway  
  15  0:41  Probe  
  16  0:47  Assimilator  
  17  0:51  Probe  
  18  1:03  Probe  
  19  1:15  Probe  
  19  1:17  Zealot  
  20  1:27  Probe  
  23  1:37  Pylon  
  23  1:54  Probe  
  23  2:06  Probe  
  24  2:15  Probe  
  24  2:16  Cybernetics Core  
  25  2:22  Assimilator  
  25  2:23  Probe  
  26  2:32  Probe  
  27  2:37  Gateway  
  27  2:42  Pylon  
  28  2:52  Stalker  
  28  2:56  Shield Battery  
  29  3:02  Shield Battery  
  29  3:11  Shield Battery  
  29  3:22  Stalker  
  29  3:41  Robotics Facility  
  29  3:42  Probe  
  30  3:54  Probe  
  31  4:07  Probe  
Tags
 
Add a new tag
Caveats
  • Supply blocks, unpowered buildings, or Contaminate may cause inaccurate times.
  • Supply counts are checked every 10 seconds.